 Dungeon Crawl Stone Soup version 0.30-b1-2-g02819fbbbe (webtiles) character file.

Game seed: 487922798667923970

20164 Mesmaeker13 the Zephyrmancer (level 12, 0/69 HPs)
             Began as a Tengu Air Elementalist on July 19, 2023.
             Was a Priest of Sif Muna.
             Slain by a wolf (3 damage)
             ... on level 3 of the Lair of Beasts.
             The game lasted 00:42:17 (20747 turns).

Mesmaeker13 the Zephyrmancer (TeAE)                Turns: 20747, Time: 00:42:17

Health: 0/69       AC:  8    Str:  9    XL:     12   Next: 76%
Magic:  6/26       EV: 15    Int: 20    God:    Sif Muna [***...]
Gold:   458        SH:  0    Dex: 21    Spells: 10/29 levels left

rFire   . . .        Q - +3 scimitar (flame)
rCold   . . .        (no shield)
rNeg    . . .        F - +1 ring mail {rPois}
rPois   +            (helmet restricted)
rElec   .            i - +0 cloak
rCorr   .            (no gloves)
SInv    .            (boots unavailable)
Will    .....        (no amulet)
Stlth   ++           K - +6 ring of dexterity
HPRegen 0.31/turn    (no ring)
MPRegen 0.20/turn

%: no passive effects
@: swift, flying quickly and evasively, very quick
A: beak, talons 3, nimble flight
a: Renounce Religion, Channel Magic, Forget Spell


You were on level 3 of the Lair of Beasts.
You worshipped Sif Muna.
Sif Muna was most pleased with you.
You visited 3 branches of the dungeon, and saw 15 of its levels.
You also visited: Sewer.

You collected 1058 gold pieces.
You spent 600 gold pieces at shops.

Inventory:

Hand Weapons
 m - a +1 vampiric rapier
 Q - a +3 scimitar of flaming (weapon)
Missiles
 f - 26 poisoned darts
 q - 3 throwing nets
Armour
 i - a +0 cloak (worn)
 x - a +0 buckler
 D - the +7 scale mail "Hupluom" {rF+}
   (You found it on level 4 of the Dungeon)

   rF:        It protects you from fire.
 F - a +1 ring mail of poison resistance (worn)
 L - +0 acid dragon scales
Jewellery
 K - a +6 ring of dexterity (left hand)
Wands
 n - a wand of light (6)
 O - a wand of iceblast (7)
 P - a wand of polymorph (3)
Scrolls
 c - 2 scrolls of brand weapon
 e - 2 scrolls of noise
 g - a scroll of butterflies
 k - 5 scrolls of immolation
 p - 2 scrolls of fog
 r - 3 scrolls of enchant weapon
 y - 5 scrolls of enchant armour
 A - 2 scrolls of silence
 B - 5 scrolls of teleportation
 E - 3 scrolls of amnesia
 G - 2 scrolls of blinking
 I - 4 scrolls of poison
Potions
 a - a potion of cancellation {unknown}
 b - 3 potions of magic
 d - 4 potions of brilliance
 h - 5 potions of haste
 j - 3 potions of heal wounds
 l - a potion of berserk rage
 s - 2 potions of might {unknown}
 t - 2 potions of mutation {unknown}
 u - 2 potions of attraction {unknown}
 v - 2 potions of curing {unknown}
 C - a potion of invisibility {unknown}
 H - a potion of resistance
Miscellaneous
 N - a box of beasts


   Skills:
 + Level 5.6 Fighting
 - Level 7.1 Armour
 - Level 4.3 Dodging
 - Level 2.6 Stealth
 + Level 4.5 Shields
 + Level 9.1 Spellcasting
 + Level 12.5 Conjurations
 + Level 13.0 Air Magic
 - Level 6.3 Invocations


You had 10 spell levels left.
You knew the following spells:

 Your Spells              Type           Power      Damage    Failure   Level
a - Shock                 Conj/Air       100%       1d9       1%          1
b - Static Discharge      Conj/Air       100%       2-7/arc   1%          2
c - Swiftness             Air            57%        N/A       1%          3
d - Airstrike             Air            28%        2d(5-21)  1%          4
e - Conjure Ball Lightni  Conj/Air       28%        3x3d8     16%         6
f - Stone Arrow           Conj/Erth      68%        3d11      4%          3

Your spell library contained the following spells:

 Spells                   Type           Power      Damage    Failure   Level
 Beastly Appendage        Tmut           18%        N/A       19%         1
 Sandblast                Erth           18%        2d7       19%         1
 Lesser Beckoning         Tloc           18%        N/A       28%         2
 Passwall                 Tmut/Erth      7%         N/A       28%         2
 Wereblood                Tmut           9%         N/A       28%         2
 Gell's Gravitas          Tloc           9%         N/A       50%         3
 Spider Form              Tmut/Pois      9%         N/A       50%         3
 Teleport Other           Tloc           9%         N/A       50%         3
 Dispersal                Tloc           4%         N/A       100%        6
 Discord                  Hex            4%         N/A       100%        8
 Disjunction              Tloc           4%         N/A       100%        8


Dungeon Overview and Level Annotations

Branches:
Dungeon (11/15)            Temple (1/1) D:4            Lair (3/5) D:10
  Swamp (0/4) Lair:3        Snake (0/4) Lair:2          Orc (0/2) D:10
  Sewer (visited)

Altars:
Ashenzari
Cheibriados
Dithmenos
Elyvilon
Fedhas
Gozag
Hepliaklqana
Kikubaaqudgha
Makhleb
Nemelex Xobeh
Okawaru
Qazlal
Ru
Sif Muna
Trog
Uskayaw
Vehumet
Wu Jian
Xom
Yredelemnul
Zin
The Shining One

Shops:
D:1 :(*:?   D:3 :

Annotations:
D:6 1 runed translucent door, LordXaan's ghost, novice DECj
D:9 2 transporters, exclusion: oklob plant, Termiter's ghost, novice DsNe
Lair:1 exclusion: oklob plant


Innate Abilities, Weirdness & Mutations

You have a beak for a mouth.
You have claws for feet.
Your magical nature lets you fly swiftly and evasively.


Message History

Sif Muna accepts your kill.
Your ball lightning explodes!
The blast of lightning engulfs the komodo dragon!
The komodo dragon is heavily wounded.
The blast of lightning engulfs you.
* * * LOW HITPOINT WARNING * * *
You hear a trumpeting!
Your Air Magic skill increases to level 13!
Casting: Conjure Ball Lightning (quite dangerous; 16% risk of failure)
Confirm with . or Enter, or press ? or * to list all spells.
Aiming: Airstrike (dangerous; 1% risk of failure)
Press: ? - help, Dir - move target, f - komodo dragon
Aim: a komodo dragon (heavily wounded, empty space bonus: 8/8)
The air twists around and strikes the komodo dragon!
The komodo dragon is almost dead.
Unknown command.
Casting: Airstrike (dangerous; 1% risk of failure)
Confirm with . or Enter, or press ? or * to list all spells.
Aiming: Airstrike (dangerous; 1% risk of failure)
Press: ? - help, Dir - move target, f/p - komodo dragon
Aim: a komodo dragon (almost dead, empty space bonus: 8/8)
The air twists around and strikes the komodo dragon.
You kill the komodo dragon!
Sif Muna accepts your kill.
Unknown command.
A wolf comes into view.
The wolf howls!
Casting: Airstrike (dangerous; 1% risk of failure)
Confirm with . or Enter, or press ? or * to list all spells.
You feel quick. The wolf bites you!
* * * LOW HITPOINT WARNING * * *
The wolf bites you!
* * * LOW HITPOINT WARNING * * *
Unknown command.
The wolf attacks as you move away! The wolf completely misses you.
The wolf stops to sniff the ground.
The wolf attacks as you move away! The wolf misses you.
The wolf attacks as you move away! The wolf barely misses you.
The wolf bites you.
You die...

**,***,,........#..........,
*,,****,,*#.....#P.........
*,** *,###.....##....##...
#.#######.#....######.##...
*#...............# *..#...
*.......<........#####......
**...........................
*,#..........†......<........
**#.........@h........†......
**................Y..........
*,#..#######.................
**#..****#..#.....##Y..##.#..
*#.,*,..........Y##.#..##...
*,,,*#.....P............##..
**,,*#..................#*..
*,,,,......##...........#*,.
*,,,,......,#....##.....#,,,


You could see an elephant, a yak and a wolf.

Vanquished Creatures
  A catoblepas (Lair:3)
  Erica (Lair:2)
  4 two-headed ogres
  Pikel (D:8)
  2 deep elf pyromancers (D:8)
  A cyclops (D:8)
  2 black mambas (Lair:2)
  2 elephants
  A guardian serpent (Lair:2)
  6 cane toads
  2 gargoyles (D:11)
  Maggie (D:9)
  4 komodo dragons
  3 rime drakes
  A kobold demonologist (D:10)
  3 trolls
  A polar bear (D:10)
  A hornet (D:9)
  2 wyverns
  A wraith (D:10)
  11 yaks
  A basilisk (Lair:1)
  3 steam dragons (D:10)
  A warg (D:10)
  An acid dragon (D:11)
  2 water moccasins (Lair:1)
  3 sky beasts
  3 ice beasts (D:10)
  2 orc warriors
  2 black bears
  An ogre (D:6)
  10 wolves
  2 centaurs
  A lemure (D:8)
  A kobold brigand (D:6)
  4 bullfrogs
  3 gnoll sergeants
  2 scorpions (D:5)
  8 wights
  16 killer bees
  2 howler monkeys
  2 lava snakes (D:7)
  4 hounds
  An orc priest (D:8)
  2 iguanas (D:6)
  2 jellies (D:6)
  A sleepcap (D:6)
  7 orc wizards
  16 gnolls
  6 river rats (Sewer)
  7 adders
  2 shadow imps (D:8)
  An ufetubus (D:6)
  5 worms
  2 dart slugs
  35 orcs
  6 endoplasms
  7 giant cockroaches
  5 goblins
  10 hobgoblins
  A jackal (Sewer)
  10 quokkas
  11 ball pythons
  11 bats
  6 frilled lizards
  13 kobolds
  6 rats
298 creatures vanquished.

Vanquished Creatures (collateral kills)
  A ball python (Sewer)
  A jackal (Sewer)
  A ball lightning (Lair:3)
3 creatures vanquished.

Vanquished Creatures (others)
  A bullfrog (Lair:1)
  19 ball lightnings
  70 fungi
  131 plants
221 creatures vanquished.

Grand Total: 522 creatures vanquished

Notes
Turn   | Place    | Note
-------+----------+-------------------------------------------
     0 | D:1      | Mesmaeker13 the Tengu Air Elementalist began the quest for
                  | the Orb.
     0 | D:1      | Reached XP level 1. HP: 10/10 MP: 4/4
     6 | D:1      | Noticed a snapping turtle
     6 | D:1      | Noticed a rime drake
     7 | D:1      | Noticed a black bear
     7 | D:1      | Noticed a water moccasin
   164 | D:1      | Found Lieriagu's Weapon Shop.
   238 | D:1      | Found Vocru's Book Boutique.
   293 | D:1      | Reached XP level 2. HP: 15/15 MP: 4/6
   610 | D:1      | Found Gaofrigg's Assorted Antiques.
   660 | D:1      | Found Yray's Book Shoppe.
   772 | D:1      | Found Axienyic's Magic Scroll Emporium.
  1146 | D:2      | Reached XP level 3. HP: 19/19 MP: 5/7
  1544 | D:2      | Learned a level 2 spell: Static Discharge
  1901 | D:2      | Found a broken altar of Ashenzari.
  2060 | D:3      | Found Lojoot's Book Emporium.
  2093 | D:3      | Reached XP level 4. HP: 24/24 MP: 2/8
  2284 | D:3      | Found an ancient bone altar of Kikubaaqudgha.
  2583 | D:3      | Found a broken altar of Ashenzari.
  2777 | D:3      | Found a white marble altar of Elyvilon.
  2987 | D:3      | Learned a level 3 spell: Swiftness
  3009 | D:4      | Identified the +1 scale mail of Feplebiulo {Fly Str+2}
  3247 | D:4      | Found a glowing drain.
  3270 | Sewer    | Entered a sewer
  3410 | Sewer    | Reached skill level 5 in Air Magic
  3410 | Sewer    | Gained mutation: Your magical nature lets you fly swiftly
                  | and evasively. [Tengu growth]
  3410 | Sewer    | Reached XP level 5. HP: 27/28 MP: 5/10
  4515 | D:4      | Found a staircase to the Ecumenical Temple.
  4524 | D:4      | Identified the +7 scale mail "Hupluom" {rF+}
  4533 | Temple   | Entered the Ecumenical Temple
  4611 | Temple   | Became a worshipper of Sif Muna the Loreminder
  4636 | D:4      | Reached XP level 6. HP: 32/32 MP: 6/11
  4908 | D:5      | Entered Level 5 of the Dungeon
  4914 | D:5      | Learned a level 4 spell: Airstrike
  5292 | D:5      | Reached skill level 1 in Invocations
  5546 | D:5      | Reached skill level 6 in Air Magic
  5546 | D:5      | Reached XP level 7. HP: 25/36 MP: 6/13
  6090 | D:5      | Reached skill level 5 in Conjurations
  6679 | D:6      | Reached * piety under Sif Muna
  6865 | D:6      | Found a runed translucent door.
  6871 | D:6      | Noticed LordXaan's ghost (novice DECj)
  6986 | D:6      | Found a hide-covered altar of Uskayaw.
  7166 | D:6      | Reached skill level 1 in Armour
  7235 | D:6      | Reached XP level 8. HP: 11/41 MP: 3/15
  7427 | D:6      | Reached skill level 7 in Air Magic
  9177 | D:7      | Reached skill level 5 in Spellcasting
  9177 | D:7      | Reached XP level 9. HP: 45/45 MP: 13/17
  9625 | D:7      | Reached skill level 8 in Air Magic
 10037 | D:8      | Found the +5 woodcutter's axe
 10087 | D:8      | Found a shimmering altar of Xom.
 10091 | D:8      | Found a shimmering altar of Xom.
 10092 | D:8      | Found a shimmering altar of Xom.
 10092 | D:8      | Found a shimmering altar of Xom.
 10093 | D:8      | Found a shimmering altar of Xom.
 10101 | D:8      | Found a shimmering altar of Xom.
 10110 | D:8      | Noticed a deep elf pyromancer
 10114 | D:8      | Noticed a cyclops
 10119 | D:8      | Noticed a two-headed ogre
 10140 | D:8      | Found a shimmering altar of Xom.
 10140 | D:8      | Found a shimmering altar of Xom.
 10143 | D:8      | Found a shimmering altar of Xom.
 10145 | D:8      | Killed a two-headed ogre
 10300 | D:8      | Noticed Pikel
 10311 | D:8      | Noticed a deep elf pyromancer
 10328 | D:8      | Killed Pikel
 10486 | D:8      | Reached skill level 5 in Armour
 10486 | D:8      | Reached skill level 9 in Air Magic
 10645 | D:8      | Found a glowing silver altar of Zin.
 10699 | D:8      | Noticed a troll
 10716 | D:8      | Killed a troll
 10934 | D:9      | Reached XP level 10. HP: 50/50 MP: 17/20
 10972 | D:9      | Noticed Maggie
 10979 | D:8      | Reached skill level 5 in Invocations
 11129 | D:8      | Killed a deep elf pyromancer
 11252 | D:8      | Noticed a moth of wrath
 11258 | D:8      | a floating eye changed into a guardian serpent
 11258 | D:8      | Noticed a guardian serpent (shapeshifter)
 11412 | D:3      | Bought a book of Chaos for 600 gold pieces
 11420 | D:3      | Learned a level 6 spell: Conjure Ball Lightning
 11594 | D:8      | Killed a cyclops
 11680 | D:8      | Got the Incunabulum of Topological Metal
 11725 | D:8      | Killed a deep elf pyromancer
 11725 | D:8      | Reached ** piety under Sif Muna
 12066 | D:9      | Found a radiant altar of Vehumet.
 12237 | D:10     | Entered Level 10 of the Dungeon
 12238 | D:10     | Noticed a kobold demonologist
 12257 | D:10     | Reached skill level 10 in Air Magic
 12270 | D:10     | Killed a kobold demonologist
 12446 | D:10     | Noticed a two-headed ogre
 12449 | D:10     | Killed a two-headed ogre
 12662 | D:10     | Reached XP level 11. HP: 32/54 MP: 13/22
 13139 | D:10     | Noticed a two-headed ogre
 13141 | D:10     | Found a staircase to the Orcish Mines.
 13242 | D:9      | Found a shadowy altar of Dithmenos.
 13248 | D:9      | Killed Maggie
 13249 | D:9      | Reached skill level 10 in Conjurations
 13422 | D:9      | Found a transporter.
 13422 | D:9      | Noticed Termiter's ghost (novice DsNe)
 13425 | D:9      | Noticed a moth of wrath
 13626 | D:9      | Reached skill level 1 in Fighting
 13761 | D:9      | Found a transporter.
 14117 | D:9      | Reached skill level 11 in Air Magic
 14278 | D:9      | Found a blossoming altar of Fedhas.
 14364 | D:9      | Noticed an oklob plant
 14539 | D:10     | Learned a level 3 spell: Stone Arrow
 14761 | D:10     | Killed a two-headed ogre
 15079 | D:10     | Reached *** piety under Sif Muna
 15135 | D:10     | Found a staircase to the Lair.
 15898 | D:11     | Reached skill level 1 in Shields
 16120 | D:11     | Noticed a two-headed ogre
 16138 | D:11     | Killed a two-headed ogre
 16642 | Lair:1   | Entered Level 1 of the Lair of Beasts
 16990 | Lair:1   | Reached skill level 12 in Air Magic
 17147 | Lair:1   | Found an iron altar of Okawaru.
 17147 | Lair:1   | Noticed an oklob plant
 17339 | Lair:1   | Reached XP level 12. HP: 66/66 MP: 9/25
 18711 | Lair:2   | Noticed Erica
 18724 | Lair:2   | Killed Erica
 19124 | Lair:2   | Reached skill level 5 in Fighting
 19268 | Lair:2   | Found a staircase to the Snake Pit.
 20661 | Lair:3   | Noticed a catoblepas
 20667 | Lair:3   | Killed a catoblepas
 20734 | Lair:3   | Reached skill level 13 in Air Magic
 20741 | Lair:3   | HP: 2/69 [wolf (9)]
 20747 | Lair:3   | Slain by a wolf

Illustrated notes

Levels and vault maps discovered:
D:1:      onia_arrival_zoo_common, layout_loops_ring, serial_shops, shop, shop,
          nicolae_shop_bloodbath_and_beyond, shop, shop
D:2:      layout_rooms, basic_altar
D:3:      layout_basic, cheibrodos_ashenzari_chains,
          mainiacjoe_overflow_boulevard, elyvilon_altar_3, serial_shops, shop
D:4:      layout_rooms, minmay_temple_entry_statues_pillars, serial_rivers,
          chequers_serial_rivers_micro_e, chequers_serial_rivers_micro_e,
          chequers_serial_rivers_small_a, chequers_serial_rivers_large_b,
          chequers_serial_rivers_small_b, gup_sewer_entry_pipe,
          minmay_box_of_dots
D:5:      layout_basic
D:6:      layout_basic, kennysheep_mini, ebering_ghost_sewer_d,
          grunt_ministairs_8, minmay_fractal_squares_diagonal_5
D:7:      layout_cave_pools, nicolae_lava_and_water, kennysheep_cluttered_room,
          minmay_splitting_lines, hangedman_decor_clover_reticule
D:8:      layout_basic, mainiacjoe_overflow_alcove_2, xom_shifter_show,
          minmay_diamond_spiral, uniq_pikel
D:9:      layout_irregular_city, nicolae_dithmenos_the_darkroom, tgw_fedhas,
          fiery_altar_vehumet, gammafunk_ghost_berserking_beasts, uniq_maggie
D:10:     cheibrodos_steamvent, layout_rooms, hellmonk_lair_entry_icy,
          david_orc_3, kennysheep_generic_room_11
D:11:     layout_basic, kennysheep_generic_room_13
Temple:   nicolae_temple_god_jail
Lair:1:   layout_chaotic_city, lemuel_oklob_altar, grunt_megastairs_4
Lair:2:   layout_regular_city, minmay_snake_entry_spellcaster, uniq_erica
Lair:3:   layout_regular_city, nicolae_swamp_entry_splash_gauntlet,
          beast_lair_carwin_8

Skill      XL: |  1  2  3  4  5  6  7  8  9 10 11 12 |
---------------+-------------------------------------+-----
Conjurations   | 2 3 4 5 6 8 9 11 12 | 12.5
Air Magic      | 5 6 7 9 10 12 13 | 13.0
Dodging        | 3 4 |  4.3
Spellcasting   | 3 4 5 6 7 8 9 |  9.1
Invocations    | 1 2 3 4 6 |  6.3
Armour         | 1 3 5 6 7 |  7.1
Fighting       | 4 5 |  5.6
Shields        | 2 4 |  4.5
Stealth        | |  2.6

Action                     |  1- 3 |  4- 6 |  7- 9 | 10-12 || total
---------------------------+-------+-------+-------+-------++-------
  Melee: Unarmed           |     4 |       |       |       ||     4
         Kick              |     3 |     8 |     5 |    18 ||    34
         Peck              |     2 |     1 |     3 |    12 ||    18
         Dagger            |    11 |    29 |     7 |       ||    47
         Punch             |       |     1 |       |       ||     1
         Hand axe          |       |       |     4 |       ||     4
         Whip              |       |       |     6 |    50 ||    56
         Scimitar          |       |       |       |    14 ||    14
   Cast: Shock             |    96 |   189 |   231 |   242 ||   758
         Static Discharge  |     1 |    10 |    10 |    55 ||    76
         Swiftness         |       |     1 |     5 |     6 ||    12
         Airstrike         |       |       |     4 |    85 ||    89
         Stone Arrow       |       |       |       |     5 ||     5
         Conjure Ball Ligh |       |       |       |     7 ||     7
  Evoke: Wand              |       |     8 |    15 |    18 ||    41
    Use: Scroll            |     2 |     2 |     9 |    13 ||    26
         Potion            |       |       |     1 |     2 ||     3
 Armour: Robe              |     5 |    13 |     3 |       ||    21
         Ring mail         |       |       |     6 |    36 ||    42
         Acid dragon scale |       |       |       |    15 ||    15
         Steam dragon scal |       |       |       |     5 ||     5
  Dodge: Dodged            |    17 |    58 |    64 |   207 ||   346
